 Dungeon Crawl Stone Soup version 0.29-a0-22-gbf593b16ee (webtiles) character file.

Game seed: 13210849567834247829

3854 Spectrina the Thaumaturge (level 9, -10/57 HPs)
             Began as a Vampire Fire Elementalist on Jan 28, 2022.
             Was an Initiate of Yredelemnul.
             Mangled by a gnoll shaman (18 damage)
             ... on level 9 of the Dungeon on Jan 29, 2022.
             The game lasted 00:50:49 (2958 turns).

Spectrina the Thaumaturge (VpFE)                    Turns: 2958, Time: 00:50:50

Health: -10/57     AC: 10    Str:  7    XL:     9   Next: 99%
Magic:  3/21       EV: 16    Int: 21    God:    Yredelemnul [......]
Gold:   389        SH:  0    Dex: 15    Spells: 4/24 levels left

rFire   + . .      SeeInvis +   Q - +2 trident (venom)
rCold   + . .      Faith    .   (no shield)
rNeg    . . .      Spirit   .   k - +2 robe {rC+ rF+}
rPois   .          Reflect  .   h - +0 helmet
rElec   .          Harm     .   (no cloak)
rCorr   .          Rampage  .   (no gloves)
Will    .....                   F - +0 pair of boots
Stlth   ++........              (no amulet)
HPRegen 0.39/turn               I - +4 ring of evasion
MPRegen 0.17/turn               N - +4 ring of protection

@: healing quickly
A: alive, fangs 3, see invisible, vampiric 2
a: Exsanguinate, Renounce Religion, Recall Undead Harvest


You were on level 9 of the Dungeon.
You worshipped Yredelemnul.
Yredelemnul was noncommittal.
You visited 2 branches of the dungeon, and saw 10 of its levels.
You also visited: Ossuary.

You collected 434 gold pieces.
You spent 45 gold pieces at shops.

Inventory:

Hand Weapons
 d - a +0 hunting sling
 o - a +0 glaive
 r - a +0 shortbow
 B - a +0 rapier
 C - a +1 dagger of venom
 K - a +4 long sword
 Q - a +2 trident of venom (weapon)
Missiles
 e - 105 stones
 n - 9 poisoned darts
 q - a boomerang (quivered)
 s - 25 arrows
 E - a throwing net
 G - 6 curare-tipped darts
 O - 20 sling bullets
 P - 26 bolts
Armour
 a - a +0 robe
 h - a +0 helmet (worn)
 k - a +2 robe of resistance (worn)
 F - a +0 pair of boots (worn)
Jewellery
 I - a +4 ring of evasion (left hand)
 N - a +4 ring of protection (right hand)
Wands
 c - a wand of charming (7)
 j - a wand of paralysis (7)
 p - a wand of acid (6)
 L - a wand of polymorph (8)
 M - a wand of iceblast (6)
Scrolls
 b - 6 scrolls of teleportation
 f - 3 scrolls of enchant weapon {unknown}
 g - a scroll of magic mapping {unknown}
 l - a scroll of torment {unknown}
 x - a scroll of immolation {unknown}
 y - 2 scrolls of fog {unknown}
 D - a scroll of noise {unknown}
 H - a scroll of enchant armour {unknown}
Potions
 i - a potion of brilliance
 m - 3 potions of heal wounds
 t - a potion of curing
 u - a potion of mutation
 v - a potion of magic
 w - a potion of might
 z - 2 potions of lignification
 A - a potion of berserk rage
 J - a potion of flight {unknown}


   Skills:
 - Level 2.1 Dodging
 - Level 3.0 Stealth
 + Level 8.3 Spellcasting
 + Level 4.6 Conjurations
 + Level 8.3 Fire Magic
 * Level 1.4 Invocations


You had 4 spell levels left.
You knew the following spells:

 Your Spells              Type           Power      Damage    Failure   Level
a - Foxfire               Conj/Fire      100%       2x1d9     1%          1
e - Inner Flame           Hex/Fire       26%        N/A       4%          3
f - Conjure Flame         Conj/Fire      35%        6-21      1%          3
p - Dazzling Flash        Conj/Hex       36%        N/A       9%          3
q - Scorch                Fire           86%        2d9       1%          2
v - Iskenderun's Mystic   Conj/Tloc      18%        2d6       30%         4
w - Flame Wave            Conj/Fire      35%        2d8       5%          4

Your spell library contained the following spells:

 Spells                   Type           Power      Damage    Failure   Level
 Gell's Gravitas          Tloc           8%         N/A       22%         3
 Teleport Other           Tloc           8%         N/A       22%         3
 Starburst                Conj/Fire      17%        6d6       63%         6
 Dispersal                Tloc           4%         N/A       100%        6


Dungeon Overview and Level Annotations

Branches:
Dungeon (9/15)             Temple (1/1) D:4         Ossuary (visited)
   Lair: D:8-11         Orc: D:9-12

Altars:
Ashenzari
Cheibriados
Dithmenos
Elyvilon
Fedhas
Gozag
Hepliaklqana
Kikubaaqudgha
Makhleb
Nemelex Xobeh
Okawaru
Qazlal
Ru
Trog
Uskayaw
Vehumet
Wu Jian
Xom
Yredelemnul
Zin
The Shining One

Shops:
D:6 [   D:7 (

Annotations:
D:5 exclusion: statue


Innate Abilities, Weirdness & Mutations

Your natural rate of healing is accelerated.
You have razor-sharp teeth.
You have supernaturally acute eyesight. (SInv)
You are afflicted with vampirism and can become a bat while bloodless.


Message History

The orc warrior hits your kobold brigand zombie with a +0 hand axe!
Your kobold brigand zombie is destroyed!
Unknown command.
Casting: Foxfire (safe; 1% risk of failure)
Confirm with . or Enter, or press ? or * to list all spells.
You conjure some foxfire!
The foxfire hits the orc wizard.
The orc wizard is severely wounded.
The foxfire hits the orc wizard.
The orc wizard is severely wounded.
The orc wizard gestures at you while chanting.
The magic dart hits you.
Unknown command.
Unknown command.
The foxfire hits the gnoll shaman.
The gnoll shaman is lightly wounded.
The foxfire hits the orc warrior but does no damage.
The orc warrior is lightly wounded.
The gnoll shaman mumbles some strange prayers to its god against you.
You easily resist.
Unknown command.
Unknown command.
Found a glowing trident.
You see here a +2 trident of venom.
Q - a +2 trident of venom Your +2 trident of venom begins to drip with poison!
Q - a +2 trident of venom (weapon)
You closely miss the gnoll shaman.
The gnoll shaman is lightly wounded.
The gnoll shaman invokes the aid of its god against you.
You easily resist.
The orc wizard mumbles some strange words.
The orc wizard flickers and vanishes for a moment.
Unknown command.
You closely miss the gnoll shaman.
The gnoll shaman is lightly wounded.
The gnoll shaman hits you with the +12 quarterstaff of Dimakaxo {holy, Will+ SInv Stlth+}!!
* * * LOW HITPOINT WARNING * * *
You convulse!!
You die...
Yredelemnul claims you as an undead slave.

#.................# #.
#............)...####..
...................#..#
..........o.o..#.....#
##..o..#..#####.....
##......#..## ##....
#....####...# #.....
##..og# #.#######....
#....@# ##..##.#.#...#
#.......#.....[.......
##.....###......#.....
##....# #.#...###=###
.....# #####.).####
##..### #......## ###
##.....#. ##.#....
####...


You could see an orc warrior, a gnoll shaman and an orc wizard (invisible).

Vanquished Creatures
  2 slime creatures (D:8)
  Sigmund (D:5)
  Eustachio (D:6)
  A yak (D:8)
  A water moccasin (D:9)
  A sky beast (D:7)
  An ice beast (D:7)
  Duvessa (D:5)
  4 ogres
  2 centaurs
  5 phantoms
  A kobold brigand (D:9)
  Blork the orc (D:4)
  A bullfrog (D:8)
  A scorpion (D:6)
  A water moccasin zombie (D:9)
  2 wyvern skeletons (D:6)
  Dowan (D:5)
  A water moccasin skeleton (D:6)
  4 wights (D:7)
  A howler monkey (D:5)
  3 orc priests (D:6)
  A centaur zombie (D:6)
  A centaur skeleton (D:4)
  3 hounds
  A bullfrog skeleton (D:6)
  A gnoll shaman (D:5)
  An iguana (D:5)
  2 orc wizards (D:6)
  9 mummies
  A howler monkey zombie (D:9)
  3 gnolls (D:5)
  A howler monkey skeleton (D:7)
  3 adders
  An ufetubus (D:5)
  9 orcs
  4 bats
  3 endoplasms
  A giant cockroach (D:4)
  4 gnoll zombies (Ossuary)
  3 goblins
  4 hobgoblins
  2 quokkas
  3 ball pythons
  4 frilled lizards
  A hobgoblin zombie (Ossuary)
  A kobold (D:1)
  2 kobold zombies (Ossuary)
  An orc zombie (Ossuary)
  3 rats
110 creatures vanquished.

Vanquished Creatures (collateral kills)
  A slime creature (D:8)
  2 yaks (D:8)
  A bullfrog (D:8)
  A gnoll (D:5)
  A kobold (D:4)
6 creatures vanquished.

Vanquished Creatures (others)
  A bullfrog zombie (D:8)
  A kobold zombie (D:9)
  5 orc zombies
  295 foxfires
302 creatures vanquished.

Grand Total: 418 creatures vanquished

Notes
Turn   | Place    | Note
-------+----------+-------------------------------------------
     0 | D:1      | Spectrina the Vampire Fire Elementalist began the quest for
                  | the Orb.
     0 | D:1      | Reached XP level 1. HP: 13/13 MP: 3/3
   235 | D:2      | Reached XP level 2. HP: 19/19 MP: 3/5
   241 | D:2      | Learned a level 2 spell: Scorch
   392 | D:2      | Gained mutation: You are afflicted with vampirism and can
                  | become a bat while bloodless. [Vampire growth]
   392 | D:2      | Reached XP level 3. HP: 24/24 MP: 4/6
   542 | D:4      | Reached skill level 1 in Conjurations
   557 | D:4      | Reached XP level 4. HP: 27/30 MP: 0/7
   570 | D:5      | Entered Level 5 of the Dungeon
   613 | D:4      | Learned a level 3 spell: Conjure Flame
   686 | D:4      | Found a staircase to the Ecumenical Temple.
   686 | D:4      | Noticed Blork the orc
   737 | Temple   | Entered the Ecumenical Temple
   827 | Temple   | Became a worshipper of Yredelemnul the Dark
   872 | D:4      | Killed Blork the orc
   873 | D:4      | Reached XP level 5. HP: 3/35 MP: 2/9
   919 | D:5      | Noticed Sigmund
   952 | D:5      | Found an iron altar of Okawaru.
   964 | D:5      | Noticed a centaur
   971 | D:5      | Noticed a phantom
   989 | D:5      | Killed a phantom
   990 | D:5      | Reached XP level 6. HP: 35/41 MP: 0/11
  1023 | D:5      | Found a sand-covered staircase.
  1033 | D:5      | Reached skill level 5 in Fire Magic
  1040 | Ossuary  | Entered an ossuary
  1074 | Ossuary  | Learned a level 3 spell: Inner Flame
  1367 | D:5      | Reached XP level 7. HP: 17/46 MP: 6/13
  1414 | D:5      | Noticed Duvessa
  1414 | D:5      | Noticed Dowan
  1504 | D:4      | Learned a level 4 spell: Flame Wave
  1694 | D:6      | Reached * piety under Yredelemnul
  1707 | D:6      | Found Iniogacs's Armour Emporium.
  1715 | D:6      | Bought a +0 pair of boots for 45 gold pieces
  1786 | D:6      | Noticed Eustachio
  1800 | D:6      | Killed Eustachio
  1801 | D:6      | Reached skill level 5 in Spellcasting
  1801 | D:6      | Reached XP level 8. HP: 26/52 MP: 4/15
  1812 | D:6      | HP: 2/52 [wyvern skeleton (3)]
  1939 | D:5      | Killed Sigmund
  2103 | D:5      | Found a radiant altar of Vehumet.
  2161 | D:5      | Killed Duvessa
  2169 | D:5      | Killed Dowan
  2299 | D:6      | Upgraded the game from 0.29-a0-11-ga75d3d97ab to
                  | 0.29-a0-22-gbf593b16ee
  2303 | D:7      | Found Wavitoth's Weapon Boutique.
  2334 | D:6      | Reached XP level 9. HP: 46/57 MP: 9/19
  2516 | D:7      | Found a snail-covered altar of Cheibriados.
  2595 | D:8      | Learned a level 4 spell: Iskenderun's Mystic Blast
  2599 | D:8      | Learned a level 3 spell: Dazzling Flash
  2653 | D:7      | HP: 2/57 [hornet zombie (10)]
  2801 | D:8      | Reached ** piety under Yredelemnul
  2807 | D:8      | Reached *** piety under Yredelemnul
  2808 | D:8      | Reached skill level 1 in Invocations
  2930 | D:9      | Identified the +12 quarterstaff of Dimakaxo {holy, Will+
                  | SInv Stlth+}
  2958 | D:9      | Mangled by a gnoll shaman

Illustrated notes

Levels and vault maps discovered:
D:1:      dpeg_arrival_pits, layout_basic
D:2:      layout_loops_ring
D:3:      layout_basic
D:4:      layout_basic, minmay_temple_entry_wispy, minmay_misc_feat_ornament,
          st_stairs_12, uniq_blork_the_orc
D:5:      layout_rooms, kennysheep_mini, vehumet_statue, serial_shops,
          nicolae_shop_hallway_plus, gup_ossuary_entry_pyramid,
          grunt_ministairs_6, uniq_duvessa, uniq_sigmund
D:6:      layout_basic, serial_shops, nicolae_shop_waterfront, uniq_eustachio
D:7:      layout_rooms, mainiacjoe_overflow_boulevard, serial_shops, shop_statue
D:8:      nzn_winding_woodlands_medium [nzn_winding_woodlands_5x5_open_star,
          nzn_winding_woodlands_5x15_pockets, nzn_winding_woodlands_5x5_three,
          nzn_winding_woodlands_5x5_closed_star,
          nzn_winding_woodlands_center_lodge,
          nzn_winding_woodlands_5x5_checkerboard,
          nzn_winding_woodlands_hourglass, nzn_winding_woodlands_5x15_parted,
          nzn_winding_woodlands_5x5_perimeter], layout_layer_cave,
          david_lair_shrubbed, st_stairs_12
D:9:      minmay_recursive_quarters, layout_cave_pools, lemuel_round_altar,
          hive_lemuel, uniq_prince_ribbit1
Temple:   regret_index_temple_mists

Skill      XL: |  1  2  3  4  5  6  7  8  9 |
---------------+----------------------------+-----
Fire Magic     | 3 4 5 6 7 8 |  8.3
Conjurations   | 1 2 3 4 |  4.6
Spellcasting   | 3 4 5 6 8 |  8.3
Invocations    | 1 |  1.4
Dodging        | |  2.1
Stealth        | |  3.0

Action                   |  1- 3 |  4- 6 |  7- 9 || total
-------------------------+-------+-------+-------++-------
Melee: Short sword       |    23 |     3 |       ||    26
       Bite              |     4 |     6 |     6 ||    16
       Unarmed           |     1 |       |       ||     1
       Glaive            |       |    35 |     9 ||    44
       Dagger            |       |       |    37 ||    37
       Punch             |       |       |     2 ||     2
       Long sword        |       |       |     8 ||     8
       Trident           |       |       |     2 ||     2
Throw: Boomerang         |       |    18 |     2 ||    20
 Cast: Foxfire           |    27 |    50 |    88 ||   165
       Scorch            |     1 |     6 |    33 ||    40
       Flame Wave        |       |       |     9 ||     9
Invok: Recall Undead Har |       |       |     1 ||     1
       Dark Bargain      |       |       |     1 ||     1
Evoke: Wand              |       |       |     2 ||     2
  Use: Scroll            |       |     1 |     9 ||    10
 Stab: Sleeping          |     4 |       |     4 ||     8
       Distracted        |       |     1 |     1 ||     2
Armor: Robe              |     5 |     5 |    17 ||    27
Dodge: Dodged            |    15 |    23 |    73 ||   111

Table legend: (Time is in decaauts)
 A = Elapsed time spent in this place.
 B = Non-inter-level travel time spent in this place.
 C = Inter-level travel time spent in this place.
 D = Time resting spent in this place.
 E = Time spent auto-exploring this place.
 F = Levels seen in this place.
 G = Mean time per level.
                   A        B        C        D        E       F      G
               +--------+--------+--------+--------+--------+-----+--------+
         Total |   3049 |   2915 |    134 |      0 |      0 |  11 |  277.2 |
       Dungeon |   2565 |   2484 |     81 |      0 |      0 |   9 |  285.0 |
        Temple |    150 |     97 |     53 |      0 |      0 |   1 |  150.0 |
       Ossuary |    333 |    333 |      0 |      0 |      0 |   1 |  333.0 |
               +--------+--------+--------+--------+--------+-----+--------+

Top non-repeatable levels by time:
     D:5: 569 daAuts
     D:4: 456 daAuts
     D:6: 415 daAuts
 Ossuary: 333 daAuts
     D:2: 302 daAuts
     D:7: 261 daAuts
     D:8: 243 daAuts
  Temple: 150 daAuts
     D:1: 117 daAuts
     D:3: 109 daAuts
     D:9: 91 daAuts
